 Dungeon Crawl Stone Soup version 0.22.1-1-ga44c0e5 (webtiles) character file.

38 dvd the Gusty (level 3, -3/19 HPs)
             Began as a Deep Elf Air Elementalist on Oct 14, 2018.
             Shot with an arrow by a centaur (17 damage)
             ... on level 2 of the Dungeon.
             The game lasted 00:03:11 (1304 turns).

dvd the Gusty (Deep Elf Air Elementalist)           Turns: 1304, Time: 00:03:12

Health: -3/19      AC:  2    Str:  5    XL:     3   Next: 25%
Magic:  9/9        EV: 13    Int: 20    God:
Gold:   113        SH:  0    Dex: 15    Spells: 4/8 levels left

rFire    . . .     SeeInvis +   (no weapon)
rCold    . . .     Gourm    .   (no shield)
rNeg     . . .     Faith    .   a - +0 robe
rPois    .         Spirit   .   (no helmet)
rElec    .         Reflect  .   (no cloak)
rCorr    .         Harm     .   (no gloves)
MR       +....                  (no boots)
Stlth    ++........             g - amulet of inaccuracy (curse)
HPRegen  0.06/turn              e - ring of protection from magic
MPRegen  0.11/turn              i - ring of see invisible

@: no status effects
A: no striking features
a: no special abilities


You were on level 2 of the Dungeon.
You were not hungry.

You visited 1 branch of the dungeon, and saw 2 of its levels.

You collected 113 gold pieces.

Inventory:

Armour
 a - a +0 robe (worn)
Jewellery
 e - a ring of protection from magic (left hand)
 g - a cursed amulet of inaccuracy (around neck)
 i - a ring of see invisible (right hand)
Scrolls
 b - a scroll of fog {unknown}
 d - 2 scrolls of identify {unknown}
 f - 2 scrolls of noise {unknown}
 k - a scroll of random uselessness {unknown}
 l - a scroll of teleportation {unknown}
 m - a scroll of enchant armour {unknown}
Potions
 j - a potion of degeneration {unknown}
Comestibles
 c - 3 rations
 h - 3 chunks of flesh


   Skills:
 + Level 0.2 Fighting
 + Level 2.4 Dodging
 + Level 3.0 Stealth
 + Level 3.4 Spellcasting
 + Level 1.4 Conjurations
 + Level 3.7 Air Magic


You had 4 spell levels left.
You knew the following spells:

 Your Spells              Type           Power        Failure   Level  Hunger
a - Shock                 Conj/Air       ##..         4%          1    None
b - Static Discharge      Conj/Air       ##......     14%         3    ###....

Your spell library contained the following spells:

 Spells                   Type           Power        Failure   Level  Hunger
 Swiftness                Chrm/Air       ##......     10%         2    ##.....
 Airstrike                Air            ###.......   28%         4    ####...
 Lightning Bolt           Conj/Air       ##........   78%         5    ######.


Dungeon Overview and Level Annotations

Branches:
Dungeon (2/15)

Altars:
Ashenzari


Message History

HP restored.
You start resting.
Your magical contamination has completely faded away.
Search for what [? for help]? weapon Unknown command.
You start resting.
Magic restored.
Found a stone staircase leading down.
You now have 113 gold pieces (gained 14).
Found a scale mail.
l - a scroll labeled JESTYCOVV LITALY
Found a scroll labeled GYNWOY SUFO and a helmet.
m - a scroll labeled GYNWOY SUFO A centaur comes into view.
The centaur shouts!
The centaur wields a shortbow.
The centaur shoots an arrow.
The arrow hits you.
You see here an arrow.
The centaur shoots an arrow.
The arrow hits you!
Ouch! That really hurt!
You die...

#.......#
..##..############
>...............[#
..##############.#
#.... #.# #####
#.# #.# #(# #@#
###### #.# ......
#.# .(.... #.#
...... #.# ......
#.# ...... c.#
###### ###


You could see a centaur.

Vanquished Creatures
  4 leopard geckos
  A bat (D:1)
  4 goblins
  4 hobgoblins (D:1)
  3 jackals (D:1)
  3 kobolds
  A ball python (D:2)
  6 frilled lizards
  6 rats (D:1)
32 creatures vanquished.

Notes
Turn   | Place    | Note
-------+----------+-------------------------------------------
     0 | D:1      | dvd the Deep Elf Air Elementalist began the quest for the
                  | Orb.
     0 | D:1      | Reached XP level 1. HP: 10/10 MP: 6/6
    98 | D:1      | Reached XP level 2. HP: 10/15 MP: 1/8
   751 | D:1      | Reached XP level 3. HP: 19/19 MP: 6/9
   855 | D:1      | Learned a level 3 spell: Static Discharge
  1083 | D:2      | Found a shattered altar of Ashenzari.
  1303 | D:2      | Noticed a centaur
  1304 | D:2      | Shot with an arrow by a centaur

Skill      XL: |  1  2 |
---------------+-------+-----
Stealth        | 3 |  3.0
Fighting       | |  0.2
Dodging        | |  2.4
Spellcasting   | |  3.4
Conjurations   | |  1.4
Air Magic      | |  3.7

Action                   || total
-------------------------++-------
 Cast: Shock             ||    65
       Static Discharge  ||     1
  Eat: Chunk             ||     1
Armor: Robe              ||     4
Dodge: Dodged            ||    12
